 Dungeon Crawl Stone Soup version 0.26-a0-969-g2c58977ddd (webtiles) character file.

Game seed: 14411385546553306146

410 egbert the Chopper (level 6, 0/56 HPs)
             Began as a Hill Orc Fighter on Dec 4, 2020.
             Killed from afar by an electric eel (6 damage)
             ... with a bolt of electricity
             ... on level 4 of the Dungeon.
             The game lasted 00:25:01 (1843 turns).

egbert the Chopper (Hill Orc Fighter)               Turns: 1843, Time: 00:25:01

Health: 0/56       AC: 10    Str: 21    XL:     6   Next: 89%
Magic:  6/6        EV:  5    Int:  8    God:
Gold:   101        SH:  9    Dex: 10    Spells: 5/5 levels left

rFire    . . .     SeeInvis .   o - +4 hand axe (pain)
rCold    . . .     Faith    .   c - +0 kite shield
rNeg     . . .     Spirit   .   r - +0 chain mail
rPois    .         Reflect  .   p - +0 helmet
rElec    .         Harm     .   (no cloak)
rCorr    .         Rampage  .   (no gloves)
MR       .....                  (no boots)
Stlth    ..........             (no amulet)
HPRegen  0.18/turn              (no ring)
MPRegen  0.10/turn              (no ring)

@: no status effects
A: no striking features
a: no special abilities


You were on level 4 of the Dungeon.
You visited 1 branch of the dungeon, and saw 4 of its levels.

You collected 121 gold pieces.
You spent 20 gold pieces at shops.

Inventory:

Hand Weapons
 o - a +4 hand axe of pain (weapon)
 t - a +0 dagger of speed
Armour
 c - a +0 kite shield (worn)
 p - a +0 helmet (worn)
 r - a +0 chain mail (worn)
Wands
 u - a wand of iceblast (10)
 w - a wand of flame (24)
Scrolls
 a - 2 scrolls of remove curse {unknown}
 e - 2 scrolls of noise {unknown}
 f - a scroll of amnesia {unknown}
 g - 4 scrolls of teleportation {unknown}
 h - a scroll of magic mapping {unknown}
 j - 3 scrolls of identify
 l - 3 scrolls of immolation {unknown}
 n - a scroll of enchant armour {unknown}
Potions
 b - a potion of heal wounds
 d - a potion of might
 i - a potion of lignification {unknown}
 k - a potion of curing {unknown}
 m - a potion of berserk rage {unknown}
 q - a potion of attraction {unknown}
 s - a potion of ambrosia {unknown}
 v - a potion of cancellation {unknown}


   Skills:
 * Level 5.1 Fighting
 * Level 6.5 Axes
 * Level 4.8 Armour
 - Level 0.4 Dodging
 + Level 4.1 Shields


You had 5 spell levels left.
You didn't know any spells.
Your spell library contained the following spells:

 Spells                   Type           Power        Failure   Level
 Beastly Appendage        Tmut           #.....       100%        1
 Wereblood                Tmut           #.......     100%        2
 Spider Form              Tmut/Pois      #.........   100%        3
 Ice Form                 Ice/Tmut       #.......     100%        4
 Blade Hands              Tmut           #.........   100%        5


Dungeon Overview and Level Annotations

Branches:
Dungeon (4/15)
 Temple: D:4-7

Altars:
Cheibriados
Elyvilon
Sif Muna
Uskayaw
Xom
Yredelemnul

Shops:
D:4 ?

Annotations:
D:4 1 transporter


Message History

You open the door.
The electric eel shoots out a bolt of lightning at you!
The bolt of electricity hits you!
The electric eel shoots out a bolt of lightning at you!
The bolt of electricity hits you! x2
The electric eel shoots out a bolt of lightning at you!
The bolt of electricity hits you! The bolt of electricity hits you.
The bolt of electricity hits the plant!
The plant begins to die.
Found a glowing war axe.
There is an open door here.
The electric eel shoots out a bolt of lightning at you!
The bolt of electricity hits you!
* * * LOW HITPOINT WARNING * * *
The bolt of electricity hits the electric eel.
The electric eel completely resists.
The bolt of electricity hits the electric eel.
The electric eel completely resists.
The electric eel shoots out a bolt of lightning at you!
The bolt of electricity hits you.
You die...

#######.#
#.#8.©.8#.#
#.#P.?.P#.#
#.###+###.# .
#.#≈...≈#.#
..##.#≈...≈#.#######
..)..#≈...≈#........
#.#≈.♣.≈#.######.
..#.#≈@..≈#.#
#.#.#;...;#.#
#...#≈...;#.####
##..###'###....# .
#..#P...P#.##.....
##.#8.©.8#.##.####
#.#######....###
##....©.........#
#.......####.###..


You could see 3 electric eels.

Vanquished Creatures
  Sigmund (D:3)
  An orc wizard (D:3)
  Ijyb (D:4)
  Terence (D:3)
  2 worker ants
  Robin (D:4)
  4 adders
  A worm (D:4)
  2 dart slugs (D:2)
  3 leopard geckos (D:2)
  6 orcs (D:3)
  5 bats
  5 giant cockroaches
  7 hobgoblins
  5 kobolds
  2 quokkas
  5 frilled lizards
  13 goblins
65 creatures vanquished.

Notes
Turn   | Place    | Note
-------+----------+-------------------------------------------
     0 | D:1      | egbert the Hill Orc Fighter began the quest for the Orb.
     0 | D:1      | Reached XP level 1. HP: 19/19 MP: 1/1
   281 | D:1      | Reached skill level 3 in Axes
   281 | D:1      | Reached XP level 2. HP: 19/27 MP: 2/2
   528 | D:2      | Found a white marble altar of Elyvilon.
   646 | D:2      | Found a basalt altar of Yredelemnul.
   757 | D:2      | Found a hide-covered altar of Uskayaw.
   774 | D:2      | Reached XP level 3. HP: 30/33 MP: 3/3
  1047 | D:3      | Reached XP level 4. HP: 27/40 MP: 4/4
  1095 | D:3      | Reached skill level 4 in Axes
  1132 | D:3      | Noticed Sigmund
  1149 | D:3      | Noticed Terence
  1212 | D:3      | Found a snail-covered altar of Cheibriados.
  1212 | D:3      | Found a faded altar of an unknown god.
  1217 | D:3      | Found a shimmering blue altar of Sif Muna.
  1221 | D:3      | Killed Terence
  1222 | D:3      | Reached XP level 5. HP: 15/47 MP: 5/5
  1231 | D:3      | Found a faded altar of an unknown god.
  1234 | D:3      | Found a shimmering altar of Xom.
  1459 | D:3      | Killed Sigmund
  1460 | D:3      | Reached skill level 6 in Axes
  1460 | D:3      | Reached XP level 6. HP: 24/55 MP: 6/6
  1471 | D:4      | Found Sapaomesch's Magic Scroll Emporium.
  1609 | D:4      | Noticed Robin
  1632 | D:4      | Killed Robin
  1633 | D:4      | Reached skill level 5 in Fighting
  1658 | D:4      | Bought a scroll of identify for 20 gold pieces
  1668 | D:4      | Noticed Ijyb
  1678 | D:4      | Killed Ijyb
  1802 | D:4      | Found a transporter.
  1817 | D:4      | Found a transporter.
  1843 | D:4      | Killed from afar by an electric eel

Illustrated notes

Levels and vault maps discovered:
D:1:      dpeg_arrival_short_road, layout_basic, serial_aquarium,
          aquarium_bridge_square [aquarium_subvault_bridge,
          aquarium_subvault_wall, aquarium_subvault_window,
          aquarium_subvault_bridge], aquarium_bridge_straight
          [aquarium_subvault_bridge, aquarium_subvault_wall,
          aquarium_subvault_bridge, aquarium_subvault_wall], aquarium_window_2,
          aquarium_window_1, aquarium_view_2d, aquarium_view_2d,
          aquarium_balcony_5a, aquarium_pool_four
D:2:      layout_loops_ring, kennysheep_ying_yang,
          eat_drink_and_be_merry_uskayaw, kennysheep_donut
D:3:      layout_basic, chequers_temple_overflow_minitemple,
          saegor_snake_ambush, uniq_terence, uniq_sigmund,
          uniq_crazy_yiuf_cottage
D:4:      gammafunk_steamed_eel, layout_rooms, minmay_temple_entry_junction,
          serial_shops, shop, uniq_ijyb, uniq_robin

Skill      XL: |  1  2  3  4  5  6 |
---------------+-------------------+-----
Axes           | 3 4 6 |  6.5
Fighting       | 4 5 |  5.1
Armour         | 4 |  4.8
Shields        | 4 |  4.1
Dodging        | |  0.4

Action                   |  1- 3 |  4- 6 || total
-------------------------+-------+-------++-------
Melee: War axe           |    69 |       ||    69
       Hand axe          |    10 |   105 ||   115
  Use: Potion            |       |     1 ||     1
Armor: Scale mail        |    36 |    26 ||    62
       Chain mail        |       |    17 ||    17
Dodge: Dodged            |    10 |    12 ||    22
Block: Kite shield       |    40 |    41 ||    81

Table legend: (Time is in decaauts)
 A = Elapsed time spent in this place.
 B = Non-inter-level travel time spent in this place.
 C = Inter-level travel time spent in this place.
 D = Time resting spent in this place.
 E = Time spent auto-exploring this place.
 F = Levels seen in this place.
 G = Mean time per level.
                   A        B        C        D        E       F      G
               +--------+--------+--------+--------+--------+-----+--------+
         Total |   1889 |   1090 |    799 |      0 |     13 |   4 |  472.2 |
       Dungeon |   1889 |   1090 |    799 |      0 |     13 |   4 |  472.2 |
               +--------+--------+--------+--------+--------+-----+--------+

Top non-repeatable levels by time:
     D:2: 747 daAuts
     D:3: 473 daAuts
     D:1: 406 daAuts
     D:4: 262 daAuts
